AoeStats
← Graf Schlegel

Arena

505085736Analyzed
1v1 RM · 24d ago on Sep 7, 2026· 52m 53s· 2 players
Game mode
Random Map
Map size
Tiny (2 player)
Population
200
Speed
Normal
Resources
Standard
Victory
Conquest
Starting age
Dark Age
Ending age
Imperial Age
RankedLock teamsTeams togetherTeam positionsShared explorationLock speedFull tech treeHidden civsTurbo modeCheats
Victory
Defeat
🇩🇪 Burgundians · Germany
864
+16
🇺🇸 Turks · United States
863
-16
simbasdead
10:37 Feudal Age
10:32 Loom
11:49 Loom
15:27 Castle Age
13:36 Horse Collar
14:20 Double-Bit Axe
21:06 Wheelbarrow
23:52 Town Watch
29:35 Imperial Age
28:20 Hand Cart
28:46 Bow Saw
28:42 Padded Archer Armor
29:06 Ballistics
28:52 Gold Mining
30:57 Leather Archer Armor
31:15 Conscription
32:02 Gold Shaft Mining
34:37 Elite Janissary
36:41 Fletching
36:58 Murder Holes
38:43 Treadmill Crane
39:17 Stone Mining
40:39 Heavy Camel Rider
45:12 Forging
44:58 Bodkin Arrow
46:40 Bracer
49:15 Fortified Wall
48:51 Arrowslits
49:27 Scale Barding Armor
49:59 Iron Casting
49:53 Bloodlines
51:04 Masonry
52:27 Blast Furnace
Graf Schlegel
3:42 Loom
12:13 Feudal Age
10:35 Double-Bit Axe
11:44 Horse Collar
17:51 Castle Age
16:12 Bow Saw
16:30 Heavy Plow
20:48 Forging
20:47 Scale Barding Armor
22:02 Wheelbarrow
22:35 Two-Man Saw
25:50 Hand Cart
25:28 Gold Mining
26:37 Town Watch
27:44 Crop Rotation
27:09 Stone Mining
31:37 Imperial Age
30:16 Gold Shaft Mining
30:21 Stone Shaft Mining
31:45 Chain Barding Armor
32:01 Iron Casting
31:32 Husbandry
33:02 Conscription
33:42 Ballistics
33:33 Fortified Wall
34:24 Chemistry
35:11 Plate Barding Armor
35:37 Blast Furnace
34:37 Elite Skirmisher
35:15 Fletching
36:53 Burgundian Vineyards
38:57 Elite Coustillier
44:17 Bodkin Arrow
52:32 Murder Holes
Connection lost

Rejoining the realm…

Still unreachable

The connection could not be restored.

Session expired

The server has moved on; the page needs a fresh start.